 Dungeon Crawl Stone Soup version 0.24-a0-520-g8fd06ad0bc (webtiles) character file.

Game seed: 3311336071789825392

697 Grim the Archer (level 7, -1/56 HPs)
             Began as a Minotaur Hunter on July 24, 2019.
             Killed by divine providence
             ... invoked by an orc priest
              (15 damage)
             ... on level 4 of the Dungeon.
             The game lasted 00:11:37 (4402 turns).

Grim the Archer (Minotaur Hunter)                   Turns: 4402, Time: 00:11:38

Health: -1/56      AC:  5    Str: 19    XL:     7   Next: 38%
Magic:  6/6        EV: 12    Int:  8    God:
Gold:   133        SH:  0    Dex: 13    Spells: 6/6 levels left

rFire    . . .     SeeInvis +   b - +5 club
rCold    . . .     Gourm    .   (no shield)
rNeg     . . .     Faith    .   C - +2 robe
rPois    .         Spirit   .   (helmet restricted)
rElec    .         Reflect  .   (no cloak)
rCorr    .         Harm     .   (no gloves)
MR       .....                  o - +0 pair of boots
Stlth    +.........             (no amulet)
HPRegen  0.18/turn              D - +3 ring of strength
MPRegen  0.10/turn              r - ring of see invisible

@: no status effects
A: retaliatory headbutt, horns 2
a: no special abilities


You were on level 4 of the Dungeon.
You were hungry.

You visited 1 branch of the dungeon, and saw 4 of its levels.
You also visited: Sewer.

You collected 133 gold pieces.

Inventory:

Hand Weapons
 a - a +2 shortbow
 b - a +5 club (weapon)
 w - a +0 morningstar
 B - a +0 short sword
Missiles
 d - 52 arrows
 t - 2 throwing nets (quivered)
Armour
 c - a +0 leather armour
 o - a +0 pair of boots (worn)
 C - a +2 robe (worn)
Jewellery
 p - a +3 ring of evasion
 r - a ring of see invisible (right hand)
 y - an uncursed ring of positive energy
 A - an uncursed ring of positive energy
 D - a +3 ring of strength (left hand)
Scrolls
 e - a scroll of blinking {unknown}
 i - 2 scrolls of teleportation {unknown}
 l - a scroll of enchant weapon
 n - a scroll of immolation
 s - 2 scrolls of identify
 x - a scroll of remove curse
 z - a scroll of fear {unknown}
Potions
 g - a potion of resistance {unknown}
 h - 3 potions of berserk rage {unknown}
 j - 2 potions of cancellation
 k - a potion of degeneration {unknown}
 m - 4 potions of flight
 q - 3 potions of might
 u - a potion of haste {unknown}
 v - a potion of brilliance {unknown}
 E - a potion of heal wounds
Comestibles
 f - 3 rations


   Skills:
 - Level 2.4 Fighting
 + Level 3.6 Maces & Flails
 + Level 9.3 Bows
 - Level 2.1 Dodging
 - Level 0.7 Stealth


You had 6 spell levels left.
You didn't know any spells.
Your spell library was empty.

Dungeon Overview and Level Annotations

Branches:
Dungeon (4/15)
 Temple: D:4-7

Altars:
Nemelex Xobeh


Innate Abilities, Weirdness & Mutations

You reflexively headbutt those who attack you in melee.
You have a pair of horns on your head.


Message History

You closely miss the orc priest. You headbutt the orc priest.
The orc priest is moderately wounded.
The orc wizard casts a spell at you. The magic dart hits you!
* * * LOW HITPOINT WARNING * * *
The orc priest hits you with a +0 hand axe.
* * * LOW HITPOINT WARNING * * *
It was a potion of heal wounds.
You feel much better. The orc wizard closely misses you.
You furiously retaliate!
You headbutt the orc wizard, but do no damage.
The orc priest invokes the aid of Beogh against you.
Beogh smites you!
* * * LOW HITPOINT WARNING * * *
You hit the orc priest.
The orc priest is heavily wounded.
The orc wizard casts a spell.
The orc wizard flickers and vanishes for a moment.
The orc priest mumbles some strange prayers to Beogh against you.
Beogh smites you!
You die...

.. ... .#..
......# ####
......# #... # #..
..# #.## #.##(#
#.#### #.# #....#
#..... #.##
#o###..# #...
#@o....########.##
###..............#
##...########.##
...[....... >.#
#####..#### ###
...# ##.## #.# #.#


You could see an orc priest and an orc wizard (invisible).

Vanquished Creatures
  Grinder (D:3)
  A crimson imp (D:4)
  An orc priest (D:3)
  A quasit (D:4)
  A hound (D:2)
  An iguana (D:4)
  2 orc wizards
  Jessica (D:3)
  13 adders
  7 oozes
  6 worms
  2 dart slugs (D:2)
  5 leopard geckos
  3 orcs
  A ball python (Sewer)
  16 bats
  8 giant cockroaches
  6 goblins
  8 hobgoblins
  7 jackals
  7 kobolds
  A quokka (D:2)
  2 frilled lizards
  11 rats
112 creatures vanquished.

Notes
Turn   | Place    | Note
-------+----------+-------------------------------------------
     0 | D:1      | Grim the Minotaur Hunter began the quest for the Orb.
     0 | D:1      | Reached XP level 1. HP: 18/18 MP: 0/0
   174 | D:1      | Reached XP level 2. HP: 25/25 MP: 1/1
   207 | D:1      | Reached skill level 5 in Bows
   727 | D:2      | Reached XP level 3. HP: 17/30 MP: 2/2
  1243 | D:2      | Reached skill level 6 in Bows
  1281 | D:2      | Reached XP level 4. HP: 27/37 MP: 3/3
  2121 | D:3      | Reached skill level 7 in Bows
  2211 | D:3      | Found a sparkling altar of Nemelex Xobeh.
  2246 | D:3      | Reached XP level 5. HP: 42/42 MP: 4/4
  2268 | D:3      | Found a glowing drain.
  2281 | Sewer    | Entered a sewer
  3187 | D:3      | Reached skill level 8 in Bows
  3321 | D:3      | Reached XP level 6. HP: 50/50 MP: 5/5
  3614 | D:3      | Noticed Jessica
  3615 | D:3      | Killed Jessica
  3794 | D:3      | Noticed Grinder
  3801 | D:3      | Paralysed by Grinder for 3 turns
  3805 | D:3      | Killed Grinder
  3805 | D:3      | Reached skill level 9 in Bows
  3805 | D:3      | Reached XP level 7. HP: 56/56 MP: 6/6
  4400 | D:4      | HP: 1/56 [orc priest/+0 hand axe (5)]
  4402 | D:4      | Killed from afar by an orc priest

Levels and vault maps discovered:
D:1:      lightli_arrival_flooded_house, layout_loops_ring
D:2:      layout_basic
D:3:      layout_basic, old_standard_altar, portal_sewer_entry_f, serial_glass,
          glass_columns_c, glass_columns_a, glass_columns_a, uniq_grinder,
          uniq_jessica
D:4:      layout_loops_ring, solitary_fountain, minivault_23, uniq_sigmund

Skill      XL: |  1  2  3  4  5  6  7 |
---------------+----------------------+-----
Bows           | 5 6 7 8 9 |  9.3
Maces & Flails | 2 3 |  3.6
Fighting       | |  2.4
Dodging        | |  2.1
Stealth        | |  0.7

Action                   |  1- 3 |  4- 6 |  7- 9 || total
-------------------------+-------+-------+-------++-------
Melee: Short sword       |    74 |   143 |       ||   217
       Headbutt          |    15 |    21 |     4 ||    40
       Club              |       |       |    20 ||    20
 Fire: Shortbow          |    20 |    68 |    16 ||   104
  Use: Scroll            |     4 |     3 |       ||     7
       Potion            |     1 |     3 |     1 ||     5
 Stab: Distracted        |       |     1 |       ||     1
  Eat: Chunk             |     1 |     5 |     1 ||     7
       Ration            |       |     1 |       ||     1
Armor: Leather armour    |    30 |    34 |       ||    64
       Robe              |       |       |     9 ||     9
Dodge: Dodged            |    61 |   147 |    23 ||   231

Table legend:
 A = Non-vault XP
 B = Vault XP
 C = Vault XP percentage of total XP
 D = Non-vault monster count
 E = Vault monster count
 F = Vault count percentage of total count
                 A         B        C        D         E       F
            +---------+---------+-------+---------+---------+-------
      Total |     581 |     416 |  41.7 |      80 |      32 |  28.6
            +---------+---------+-------+---------+---------+-------
        D:1 |      25 |       0 |   0.0 |      16 |       0 |   0.0
        D:2 |     156 |       0 |   0.0 |      29 |       0 |   0.0
        D:3 |     225 |     315 |  58.3 |      30 |       8 |  21.1
        D:4 |     175 |       0 |   0.0 |       5 |       0 |   0.0
      Sewer |       0 |     101 | 100.0 |       0 |      24 | 100.0
            +---------+---------+-------+---------+---------+-------
